 Dungeon Crawl Stone Soup version 0.18.1-48-g4cf74bf (webtiles) character file.

29 tyranidshit the Skirmisher (level 3, 0/30 HPs)
             Began as a Demonspawn Abyssal Knight on Sept 8, 2016.
             Was a Follower of Lugonu.
             Slain by a worm (2 damage)
             ... on level 2 of the Dungeon.
             The game lasted 00:03:27 (932 turns).

tyranidshit the Skirmisher (DsAK)                    Turns: 932, Time: 00:03:28

Health: 0/30       AC:  6    Str: 10 (13) XL:     3   Next: 1%
Magic:  4/4        EV:  8    Int: 10 (11) God:    Lugonu [*.....]
Gold:   77         SH:  0    Dex:  9 (12) Spells: 0 memorised, 2 levels left

rFire  . . .     SeeInvis .     a - +1 hand axe
rCold  . . .     Gourm    .     d - +0 scale mail
rNeg   . . .     Faith    .     (no shield)
rPois  .         Spirit   .     (helmet restricted)
rElec  .         Dismiss  .     (no cloak)
rCorr  .         Reflect  .     (no gloves)
SustAt .         Harm     .     (no boots)
MR     .....                    (no amulet)
Stlth  ..........               (no ring)
                                (no ring)

@: not resistant to hostile enchantments, extremely unstealthy
A: antennae 2, talons 1, dopey 1, screaming 1
a: Depart the Abyss, Renounce Religion


You were on level 2 of the Dungeon.
You worshipped Lugonu.
Lugonu was aware of your devotion.
You were not hungry.

You visited 1 branch of the dungeon, and saw 2 of its levels.
You visited the Abyss 1 time.

You collected 77 gold pieces.

Inventory:

Hand Weapons
 a - a +1 hand axe (weapon)
Armour
 b - a +0 leather armour
 d - a +0 scale mail (worn)
Scrolls
 g - a scroll of identify {unknown}
 i - a scroll of remove curse {unknown}
Potions
 e - a potion of flight
Comestibles
 f - a slice of pizza
 h - 4 fruits


   Skills:
 + Level 4.1 Fighting
 - Level 1.7 Axes
 - Level 1.7 Armour
 - Level 0.8 Dodging
 + Level 0.2 Stealth
 - Level 2.4 Invocations


You had 2 spell levels left.
You didn't know any spells.

Dungeon Overview and Level Annotations

Branches:
Dungeon (2/15)

Altars:
Trog


Innate Abilities, Weirdness & Mutations

You have a pair of antennae on your head.
You have sharp toenails.
You are dopey. (Int -2)
You occasionally shout uncontrollably at your foes.


Message History

An adder, a worm and a hobgoblin come into view.
The hobgoblin shouts!
You hear a shout!
The worm bites you.
Found a leather armour.
A rat comes into view.
There is a stone staircase leading up here.
You hit the worm. You claw the worm, but do no damage.
The worm is lightly wounded.
You hit the hobgoblin but do no damage. The hobgoblin hits you.
* * * LOW HITPOINT WARNING * * *
The worm bites you!
* * * LOW HITPOINT WARNING * * *
The hobgoblin closely misses you.
A kobold comes into view. It is wielding a short sword.
You hit the worm. Your kick misses the worm.
The worm is lightly wounded.
You closely miss the hobgoblin.
The hobgoblin hits you but does no damage.
The worm bites you.
You die...

#########
#.g@....#
#[wS....#
#.......#
............
###....r..###
#..K....#
#.......#
#.......#


You could see a worm, an adder, a hobgoblin, a kobold and a rat.

Vanquished Creatures
  2 dart slugs
  A giant cockroach (D:1)
  4 goblins
  A hobgoblin (D:1)
  8 jackals (D:2)
  A bat (D:1)
  4 kobolds
  A rat (D:1)
22 creatures vanquished.

Notes
Turn   | Place    | Note
--------------------------------------------------------------
     0 | Abyss:1  | tyranidshit the Demonspawn Abyssal Knight began the quest for the Orb.
     0 | Abyss:1  | Reached XP level 1. HP: 18/18 MP: 2/2
    77 | Abyss:1  | Noticed a flying skull
    82 | D:1      | Escaped the Abyss
   196 | D:1      | Reached * piety under Lugonu
   271 | D:1      | Gained mutation: You have a pair of small antennae on your head. [demonic ancestry]
   271 | D:1      | Reached XP level 2. HP: 23/24 MP: 3/3
   526 | D:2      | Reached skill level 4 in Fighting
   554 | D:2      | Gained mutation: You are dopey. (Int -2) [potion of mutation]
   554 | D:2      | Gained mutation: You occasionally shout uncontrollably at your foes. [potion of mutation]
   554 | D:2      | Gained mutation: You have sharp toenails. [potion of mutation]
   635 | D:2      | Found a bloodstained altar of Trog.
   698 | D:2      | HP: 1/25 [jackal (1)]
   701 | D:2      | Gained mutation: You have a pair of antennae on your head. [demonic ancestry]
   701 | D:2      | Reached XP level 3. HP: 2/30 MP: 4/4
   932 | D:2      | Slain by a worm

Skill      XL: |  1  2 |
---------------+-------+-----
Fighting       | 4 |  4.1
Axes           | |  1.7
Armour         | |  1.7
Dodging        | |  0.8
Stealth        | |  0.2
Invocations    | |  2.4

Action                   || total
-------------------------++-------
Melee: Hand axe          ||    65
       Kick              ||     6
Invok: Depart the Abyss  ||     1
  Use: Potion            ||     7
  Eat: Bread ration      ||     1
Armor: Leather armour    ||    13
       Scale mail        ||    29
Dodge: Dodged            ||    55
